 Dungeon Crawl Stone Soup version 0.20.0-1-g1cb1d84 (webtiles) character file.

42 anfisbena the Skirmisher (level 3, -1/20 HPs)
             Began as a Vine Stalker Fighter on May 26, 2017.
             Slain by Terence
             ... wielding a +0 flail
              (3 damage)
             ... on level 2 of the Dungeon.
             The game lasted 00:01:34 (1037 turns).

anfisbena the Skirmisher (Vine Stalker Fighter)     Turns: 1037, Time: 00:01:35

Health: -1/20      AC:  6    Str: 23    XL:     3   Next: 54%
Magic:  0/4        EV:  7    Int:  8    God:
Gold:   37         SH:  9    Dex: 14    Spells: 2/2 levels left

rFire    . . .     SeeInvis .   a - +0 long sword
rCold    . . .     Gourm    .   c - +0 shield
rNeg     . . .     Faith    .   b - +0 scale mail
rPois    .         Spirit   +   (no helmet)
rElec    .         Reflect  .   (no cloak)
rCorr    .         Harm     .   (no gloves)
MR       .....                  (no boots)
Stlth    ..........             (no amulet)
Regen    0.1/turn               (no ring)
MPRegen  0.1/turn               (no ring)

@: mighty
A: fangs 2, magic shield, antimagic bite, no potion heal 3, rot immunity
a: no special abilities


You were on level 2 of the Dungeon.
You were hungry.

You visited 1 branch of the dungeon, and saw 2 of its levels.

You collected 37 gold pieces.

Inventory:

Hand Weapons
 a - a +0 long sword (weapon)
Armour
 b - a +0 scale mail (worn)
 c - a +0 shield (worn)
Jewellery
 h - an uncursed ring of resist corrosion {unknown}
Scrolls
 e - 2 scrolls of teleportation {unknown}
 i - a scroll of blinking {unknown}
 j - a scroll of enchant weapon {unknown}
 l - a scroll of immolation {unknown}
Potions
 k - a potion of haste {unknown}
Comestibles
 f - a bread ration
 g - 6 chunks of flesh


   Skills:
 + Level 3.1 Fighting
 * Level 3.0 Long Blades
 - Level 2.4 Armour
 - Level 2.6 Shields


You had 2 spell levels left.
You didn't know any spells.

Dungeon Overview and Level Annotations

Branches:
Dungeon (2/15)

Altars:

Annotations:
D:2 Terence


Innate Abilities, Weirdness & Mutations

You have extremely sharp teeth.
When hurt, damage is shared between your health and your magic reserves.
Your bite disrupts and absorbs the magic of your enemies.
Potions cannot restore your health.
You are immune to rotting.


Message History

The leopard gecko bites you.
* * * LOW HITPOINT WARNING * * *
You block the dart slug's attack. The leopard gecko bites you.
* * * LOW HITPOINT WARNING * * *
The leopard gecko barely misses you.
Some of the chunks of flesh in your inventory have rotted away.
You see here a scroll labeled EKOOTHR RUIB.
You feel very mighty all of a sudden. You block the leopard gecko's attack.
You completely miss the leopard gecko. You bite the leopard gecko.
You drain its power.
You feel invigorated.
You kill the leopard gecko!
Your Long Blades skill increases to level 3!
You closely miss Terence. You bite Terence. You drain his power.
Terence is lightly wounded.
You are feeling hungry.
Terence hits you with a flail. The frilled lizard closely misses you.
Terence hits you with a flail.
You die...

#################
#....w..........# .
#.w###..........#...
##.###..............
#l@##........##..##
##@#..#......#..###
#....##.......?....
....###....<........
......................
....#....#.......##.....
......PP.........# .....
.....P≈≈P........# .#..#
...#...P......S... ...
..........#. ..


You could see Terence, a dart slug and a frilled lizard.

Vanquished Creatures
  A gnoll (D:1)
  An ooze (D:1)
  A dart slug (D:1)
  A leopard gecko (D:2)
  2 bats (D:1)
  A giant cockroach (D:1)
  4 goblins (D:1)
  2 hobgoblins (D:1)
  6 kobolds
  2 ball pythons (D:1)
  2 frilled lizards (D:1)
  A rat (D:1)
24 creatures vanquished.

Notes
Turn   | Place    | Note
-------+----------+-------------------------------------------
     0 | D:1      | anfisbena the Vine Stalker Fighter began the quest for the Orb.
     0 | D:1      | Reached XP level 1. HP: 11/11 MP: 2/2
   227 | D:1      | Reached XP level 2. HP: 16/16 MP: 3/3
   454 | D:1      | Reached XP level 3. HP: 20/20 MP: 4/4
  1009 | D:2      | Noticed Terence
  1025 | D:2      | HP: 1/20 [leopard gecko (1)]
  1037 | D:2      | Slain by Terence

Skill      XL: |  1  2  3 |
---------------+----------+-----
Long Blades    | 2 3 |  3.0
Fighting       | 3 |  3.1
Armour         | |  2.4
Shields        | |  2.6

Action                   || total
-------------------------++-------
Melee: Long sword        ||    68
       Bite              ||    19
  Use: Potion            ||     1
Armor: Scale mail        ||    33
Dodge: Dodged            ||    15
Block: Shield            ||    38
       Rpst.: Long sword ||     1
